 Dungeon Crawl Stone Soup version 0.26-a0-962-g9b92081034 (webtiles) character file.

Game seed: 15338289155858109330

130 Dracia the Grasshopper (level 4, -4/33 HPs)
             Began as a Demonspawn Warper on Dec 1, 2020.
             Slain by a gnoll
             ... wielding a +0 spear
              (10 damage)
             ... on level 2 of the Dungeon.
             The game lasted 00:02:57 (2284 turns).

Dracia the Grasshopper (Demonspawn Warper)          Turns: 2284, Time: 00:02:58

Health: -4/33      AC:  5    Str: 12    XL:     4   Next: 89%
Magic:  7/7        EV: 11    Int: 15    God:
Gold:   91         SH:  0    Dex: 12    Spells: 2/7 levels left

rFire    . . .     SeeInvis .   i - +1 falchion (venom)
rCold    . . .     Faith    .   (no shield)
rNeg     . . .     Spirit   .   b - +0 leather armour
rPois    .         Reflect  .   (no helmet)
rElec    .         Harm     .   (no cloak)
rCorr    .         Rampage  .   (no gloves)
MR       .....                  (no boots)
Stlth    +.........             (no amulet)
HPRegen  0.11/turn              (no ring)
MPRegen  0.10/turn              (no ring)

@: no status effects
A: icy blue scales 1, rot immunity
a: no special abilities


You were on level 2 of the Dungeon.
You visited 1 branch of the dungeon, and saw 2 of its levels.

You collected 91 gold pieces.


Innate Abilities, Weirdness & Mutations

You are partially covered in icy blue scales. (AC +2)
You are immune to rotting.


   Skills:
 - Level 2.0 Fighting
 + Level 1.7 Long Blades
 - Level 2.9 Polearms
 - Level 0.8 Throwing
 - Level 0.8 Armour
 - Level 1.7 Dodging
 - Level 2.0 Spellcasting
 + Level 4.1 Translocations


You had 2 spell levels left.
You knew the following spells:

 Your Spells              Type           Power        Failure   Level
a - Blink                 Tloc           N/A          8%          2
b - Gell's Gravitas       Tloc           ##........   16%         3

Your spell library contained the following spells:

 Spells                   Type           Power        Failure   Level
 Lesser Beckoning         Tloc           ##........   16%         3
 Teleport Other           Tloc           ##......     16%         3
 Passage of Golubria      Tloc           N/A          45%         4

Inventory:

Hand Weapons
 a - a +0 spear
 i - a +1 falchion of venom (weapon)
Missiles
 e - 5 boomerangs of dispersal (quivered) {=f}
Armour
 b - a +0 leather armour (worn)
 j - a +0 pair of boots
Scrolls
 c - 3 scrolls of identify {unknown}
 d - a scroll of blinking
 g - a scroll of teleportation {unknown}
Potions
 f - a potion of brilliance
 h - 2 potions of flight {unknown}
 k - a potion of resistance {unknown}

Dungeon Overview and Level Annotations

Branches:
Dungeon (2/15)

Altars:
Xom

### ... #g####
.g#..# #g#..###
#g#....#
#@#.##.###########
#(#.##............
#.#.........######
#.#.######...#
#.########...#####
#.................
######...#...#####
#...#...#
#...##+##


You could see 3 gnolls and a goblin.


Message History

The gnoll is severely wounded.
The gnoll hits you with a +4 flail! The gnoll barely misses you.
You closely miss the gnoll.
The gnoll is severely wounded.
The gnoll hits you with a +4 flail!
* * * LOW HITPOINT WARNING * * *
The gnoll hits you but does no damage.
You are too injured to fight recklessly!
You are too injured to fight recklessly!
Unknown command.
You hit the gnoll.
You kill the gnoll!
The gnoll closely misses you.
Unknown command.
The gnoll hits you with a +0 spear.
* * * LOW HITPOINT WARNING * * *
The gnoll hits you but does no damage.
Things that are here:
a +4 flail; a gnoll corpse You hit the gnoll but do no damage.
The gnoll hits you with a +0 spear.
* * * LOW HITPOINT WARNING * * *
The gnoll barely misses you.
A goblin comes into view.
The goblin shouts!
You hit the gnoll.
The gnoll is lightly wounded.
The gnoll hits you with a +0 spear.
* * * LOW HITPOINT WARNING * * *
The gnoll barely misses you. The gnoll hits you with a +0 spear!
You die...

Skill      XL: |  1  2  3  4 |
---------------+-------------+-----
Polearms       | 2 |  2.9
Translocations | 3 4 |  4.1
Long Blades    | 1 |  1.7
Fighting       | |  2.0
Throwing       | |  0.8
Armour         | |  0.8
Dodging        | |  1.7
Spellcasting   | |  2.0

Action                   |  1- 3 |  4- 6 || total
-------------------------+-------+-------++-------
Melee: Spear             |   163 |       ||   163
       Falchion          |    10 |    20 ||    30
 Cast: Gell's Gravitas   |     2 |       ||     2
  Use: Potion            |     4 |       ||     4
 Stab: Sleeping          |     2 |       ||     2
       Invisible         |     4 |       ||     4
Armor: Leather armour    |    36 |     7 ||    43
       Skin              |     6 |       ||     6
Dodge: Dodged            |    97 |    19 ||   116
       Rpst.: Falchion   |     3 |     7 ||    10

Levels and vault maps discovered:
D:1:      nzn_arrival_crosshair, layout_basic, minmay_close_crescents
D:2:      layout_basic, xom_teletrap_fun, minmay_liquid_box, moated_statue,
          kennysheep_generic_room_5

Notes
Turn   | Place    | Note
-------+----------+-------------------------------------------
     0 | D:1      | Dracia the Demonspawn Warper began the quest for the Orb.
     0 | D:1      | Reached XP level 1. HP: 16/16 MP: 3/3
    35 | D:1      | Reached skill level 2 in Polearms
   283 | D:1      | Reached skill level 3 in Translocations
   283 | D:1      | Gained mutation: You are immune to rotting. [demonic
                  | ancestry]
   283 | D:1      | Reached XP level 2. HP: 20/22 MP: 5/5
   286 | D:1      | Learned a level 2 spell: Blink
   715 | D:1      | Gained mutation: You are partially covered in icy blue
                  | scales. (AC +2) [demonic ancestry]
   715 | D:1      | Reached XP level 3. HP: 18/27 MP: 6/6
  1654 | D:2      | Learned a level 3 spell: Gell's Gravitas
  1804 | D:2      | Found a shimmering altar of Xom.
  2009 | D:2      | Reached skill level 1 in Long Blades
  2009 | D:2      | Reached XP level 4. HP: 23/33 MP: 1/7
  2011 | D:2      | Reached skill level 4 in Translocations
  2284 | D:2      | Slain by a gnoll

Vanquished Creatures
  2 orc priests (D:2)
  An adder (D:2)
  A gnoll (D:2)
  An ooze (D:1)
  A worm (D:2)
  2 dart slugs (D:1)
  A leopard gecko (D:1)
  2 orcs (D:2)
  A goblin (D:1)
  5 hobgoblins (D:1)
  8 jackals
  4 kobolds
  2 quokkas (D:2)
  4 bats
  A frilled lizard (D:1)
  2 rats (D:1)
38 creatures vanquished.

Table legend: (Time is in decaauts)
 A = Elapsed time spent in this place.
 B = Non-inter-level travel time spent in this place.
 C = Inter-level travel time spent in this place.
 D = Time resting spent in this place.
 E = Time spent auto-exploring this place.
 F = Levels seen in this place.
 G = Mean time per level.
                   A        B        C        D        E       F      G
               +--------+--------+--------+--------+--------+-----+--------+
         Total |   2286 |   2242 |     44 |    566 |   1365 |   2 | 1143.0 |
       Dungeon |   2286 |   2242 |     44 |    566 |   1365 |   2 | 1143.0 |
               +--------+--------+--------+--------+--------+-----+--------+

Top non-repeatable levels by time:
     D:1: 1332 daAuts
     D:2: 953 daAuts

Table legend:
 A = Non-vault XP
 B = Vault XP
 C = Vault XP percentage of total XP
 D = Non-vault monster count
 E = Vault monster count
 F = Vault count percentage of total count
                 A         B        C        D         E       F
            +---------+---------+-------+---------+---------+-------
      Total |     175 |      11 |   5.9 |      36 |       2 |   5.3
            +---------+---------+-------+---------+---------+-------
        D:1 |      37 |      11 |  22.9 |      19 |       2 |   9.5
        D:2 |     138 |       0 |   0.0 |      17 |       0 |   0.0
            +---------+---------+-------+---------+---------+-------
